 Dungeon Crawl Stone Soup version 0.18.1-1-g2f07953 (webtiles) character file.

108 moxian the Ducker (level 4, -10/49 HPs)
             Began as a Merfolk Skald on May 7, 2016.
             Killed by divine providence
             ... invoked by an orc priest
              (13 damage)
             ... on level 3 of the Dungeon.
             The game lasted 00:08:33 (2097 turns).

moxian the Ducker (Merfolk Skald)                   Turns: 2097, Time: 00:08:34

Health: -10/49     AC: 22    Str: 12    XL:     4   Next: 87%
Magic:  5/7        EV:  2    Int: 11    God:
Gold:   142        SH:  0    Dex: 19    Spells: 3 memorised, 2 levels left

rFire  . . .     SeeInvis .     a - +0 trident
rCold  . . .     Gourm    .     (armour currently unavailable)
rNeg   + + +     Faith    .     (no shield)
rPois  +         Spirit   .     (helmet currently unavailable)
rElec  .         Dismiss  .     (cloak currently unavailable)
rCorr  .         Reflect  .     (gloves currently unavailable)
SustAt .         Harm     .     (boots currently unavailable)
MR     .....     NoTele   +     (no amulet)
Stlth  +++.......               (no ring)
                                (no ring)

@: agile, tree-form, not resistant to hostile enchantments, fairly stealthy
A: (change form in water), (swift swim)
a: no special abilities


You were on level 3 of the Dungeon.
You were not hungry.
You were a tree.
You visited 1 branch of the dungeon, and saw 3 of its levels.

You collected 142 gold pieces.

Inventory:

Hand Weapons
 a - a +0 trident (weapon)
 f - a +0 halberd
 s - a +0 vampiric dagger
 t - a +2 quarterstaff of protection
 u - a +0 scythe
 w - a +0 spear
Armour
 b - a +0 leather armour (melded)
Scrolls
 e - a scroll of recharging {unknown}
 g - 2 scrolls of random uselessness {unknown}
 h - 2 scrolls of identify {unknown}
 k - a scroll of remove curse {unknown}
 l - 3 scrolls of teleportation {unknown}
 p - a scroll of fear {unknown}
 r - a scroll of blinking {unknown}
 v - a scroll of enchant armour {unknown}
Potions
 m - 2 potions of agility
Books
 c - a book of Battle

   Spells                             Type                      Level
   a - Infusion                       Charms                       1
   b - Shroud of Golubria             Charms/Translocation         2
   c - Song of Slaying                Charms                       2
   d - Spectral Weapon                Hexes/Charms                 3
   e - Regeneration                   Charms/Necromancy            3
Comestibles
 d - 2 bread rations
 i - 2 fruits
 n - 2 beef jerkies
 o - a slice of pizza
 x - 2 chunks of flesh


   Skills:
 - Level 2.1 Fighting
 - Level 3.0 Polearms
 - Level 0.6 Armour
 + Level 5.9 Dodging
 - Level 2.0 Spellcasting
 - Level 3.3 Charms


You had 2 spell levels left.
You knew the following spells:

 Your Spells              Type           Power        Failure   Level  Hunger
a - Infusion              Chrm           #...         10%         1    ##.....
b - Shroud of Golubria    Chrm/Tloc      #.........   24%         2    ###....
c - Song of Slaying       Chrm           #.......     14%         2    ###....


Dungeon Overview and Level Annotations

Branches:
Dungeon (3/15)

Altars:
Cheibriados


Message History

The orc priest is severely wounded.
The orc priest misses you.
Drink which item? (? for menu, Esc to quit)
It was a potion of agility.
You feel agile all of a sudden.
You are no longer magically infusing your attacks.
The orc priest calls down the wrath of Beogh upon you.
Pain shoots through your body!
* * * LOW HITPOINT WARNING * * *
Drink which item? (? for menu, Esc to quit)
It was a potion of cure mutation.
It has a very clean taste.
The orc priest hits you with a club.
* * * LOW HITPOINT WARNING * * *
Drink which item? (? for menu, Esc to quit)
It was a potion of lignification.
You turn into a tree.
Your +0 leather armour melds into your body.
Your roots penetrate the ground.
The orc priest invokes the aid of Beogh against you.
Beogh smites you!
You die...

.).......##########
########.....##... .♣#
#####.##.#
P.##########....#
P§P##.....#####.#
≈♣§♣#.....#####.#
.P..#...........#
.♣♣♣#.....#####.#######..
....#.....# #.♣o.......
♣..P#.....# ##(######..
.♣♣.#.##### #.# ...##.#
#####.### ...#..#
##.<.#...##
......#####.........##
♣P♣..................#
.P.♣.#####...........#
.♣.P.# #...........#


You could see an orc priest.

Vanquished Creatures
  3 adders
  A gnoll (D:3)
  An ooze (D:2)
  A dart slug (D:2)
  A giant gecko (D:1)
  3 orcs (D:3)
  3 giant cockroaches
  7 goblins
  7 hobgoblins
  3 jackals (D:1)
  5 quokkas (D:3)
  9 bats
  2 giant newts (D:1)
  6 kobolds
  7 rats
59 creatures vanquished.

Notes
Turn   | Place    | Note
--------------------------------------------------------------
     0 | D:1      | moxian the Merfolk Skald began the quest for the Orb.
     0 | D:1      | Reached XP level 1. HP: 16/16 MP: 3/3
    93 | D:1      | Reached skill level 2 in Dodging
   122 | D:1      | Reached XP level 2. HP: 16/22 MP: 5/5
   263 | D:1      | Reached skill level 3 in Dodging
   413 | D:1      | Reached XP level 3. HP: 24/27 MP: 6/6
   769 | D:1      | Reached skill level 4 in Dodging
  1157 | D:2      | Learned a level 2 spell: Shroud of Golubria
  1160 | D:2      | Learned a level 2 spell: Song of Slaying
  1269 | D:2      | Found a snail-covered altar of Cheibriados.
  1349 | D:2      | Reached XP level 4. HP: 33/33 MP: 7/7
  1474 | D:3      | Reached skill level 5 in Dodging
  2097 | D:3      | Killed from afar by an orc priest

Skill      XL: |  1  2  3  4 |
---------------+-------------+-----
Dodging        | 2 3 4 5 |  5.9
Fighting       | |  2.1
Polearms       | |  3.0
Armour         | |  0.6
Spellcasting   | |  2.0
Charms         | |  3.3

Action                   |  1- 3 |  4- 6 || total
-------------------------+-------+-------++-------
Melee: Spear             |   127 |    73 ||   200
       Tailslap          |     1 |       ||     1
       Trident           |       |    10 ||    10
 Cast: Infusion          |     3 |     6 ||     9
       Shroud of Golubri |       |     3 ||     3
  Use: Potion            |       |     3 ||     3
 Stab: Sleeping          |     2 |       ||     2
  Eat: Chunk             |     2 |     3 ||     5
Armor: Leather armour    |    11 |     4 ||    15
Dodge: Dodged            |    64 |    59 ||   123
